 Dungeon Crawl Stone Soup version 0.31-a0-214-gb37851dbb3 (webtiles) character file.

Game seed: 10570535166251515283

63210 AvylaarBelgium the Eclecticist (level 14, -14/82 HPs)
             Began as a Deep Elf Conjurer on July 1, 2023.
             Was a High Priest of Vehumet.
             Demolished by a mana viper (50 damage)
             ... on level 1 of the Snake Pit.
             The game lasted 00:57:14 (14266 turns).

AvylaarBelgium the Eclecticist (Deep Elf Conjurer) Turns: 14266, Time: 00:57:15

Health: -14/82     AC: 10    Str: 10    XL:     14   Next: 67%
Magic:  36/46      EV:  2    Int: 33    God:    Vehumet [*****.]
Gold:   1499       SH:  0    Dex: 18    Spells: 16/48 levels left

rFire   . . .        H - +8 longbow "Zephyr" {speed, Dex+3 SInv}
rCold   + . .        (shield currently unavailable)
rNeg    + . .        K - +1 robe {rN+}
rPois   .            g - +1 hat
rElec   .            M - scarf {repulsion}
rCorr   .            P - +3 pair of gloves "Jebol" {Str+2 Int+5 Dex+3 Stlth+}
SInv    +            (no boots)
Will    +....        y - amulet of magic regeneration
Stlth   +++          v - ring of protection from cold
HPRegen 0.33/turn    Q - ring of magical power
MPRegen 0.70/turn

%: repel missiles
@: sleeping, unable to read
A: iridescent scales 1, strong 1, inability to read after injury 1, MP-powered
wands
a: Renounce Religion


You were on level 1 of the Snake Pit.
You worshipped Vehumet.
Vehumet was extremely pleased with you.
You visited 6 branches of the dungeon, and saw 20 of its levels.

You collected 2230 gold pieces.
You spent 731 gold pieces at shops.

Inventory:

Hand Weapons
 H - the +8 longbow "Zephyr" (weapon) {speed, Dex+3 SInv}
   (You took it off an orc on level 7 of the Dungeon)

   Dex:       It affects your dexterity (+3).
   SInv:      It lets you see invisible.
 N - a +1 heavy double sword
Missiles
 q - 5 javelins
 A - a throwing net
 O - 3 boomerangs of dispersal
Armour
 g - a +1 hat (worn)
 J - a +0 kite shield
 K - a +1 robe of positive energy (worn)
 L - +0 fire dragon scales
 M - a scarf of repulsion (worn)
 P - the +3 pair of gloves "Jebol" (worn) {Str+2 Int+5 Dex+3 Stlth+}
   (You bought it in a shop on level 2 of the Orcish Mines)

   Str:       It affects your strength (+2).
   Int:       It affects your intelligence (+5).
   Dex:       It affects your dexterity (+3).
   Stlth:     It makes you more stealthy.
Magical Staves
 w - a staff of fire
Jewellery
 f - a ring of ice
 v - a ring of protection from cold (left hand)
 x - a ring of see invisible
 y - an amulet of magic regeneration (around neck)
 z - a +6 ring of strength
 B - an amulet of guardian spirit
 Q - a ring of magical power (right hand)
 S - a ring of fire
 Y - a ring of willpower
Wands
 n - a wand of iceblast (2)
 r - a wand of flame (8)
 s - a wand of paralysis (10)
 E - a wand of quicksilver (5)
 U - a wand of mindburst (7)
 V - a wand of polymorph (5)
Scrolls
 a - a scroll of blinking
 d - a scroll of revelation
 h - a scroll of enchant weapon
 i - a scroll of torment
 j - 9 scrolls of teleportation
 l - 3 scrolls of poison
 o - 3 scrolls of amnesia
 p - 2 scrolls of immolation
 t - 5 scrolls of vulnerability
 u - 3 scrolls of fear
 G - 2 scrolls of noise
 T - a scroll of acquirement {unknown}
 W - 4 scrolls of identify
 X - a scroll of enchant armour {unknown}
Potions
 b - a potion of magic
 c - a potion of invisibility
 e - 2 potions of heal wounds
 k - 4 potions of attraction
 m - 5 potions of haste
 C - 2 potions of might
 D - a potion of lignification
 F - 13 potions of curing
 R - a potion of mutation
 Z - a potion of enlightenment {unknown}
Miscellaneous
 I - a phantom mirror


   Skills:
 * Level 7.1 Fighting
 - Level 12.2 Ranged Weapons
 + Level 5.1 Dodging
 - Level 2.4 Stealth
 + Level 17.5 Spellcasting
 + Level 15.3 Conjurations
 - Level 10.6 Hexes
 + Level 10.7 Summonings


You had 16 spell levels left.
You knew the following spells:

 Your Spells              Type           Power      Damage    Failure   Level
a - Magic Dart            Conj           100%       1d8       0%          1
b - Searing Ray           Conj           100%       2d8       0%          2
c - Fulminant Prism       Conj/Hex       42%        3d19      1%          4
d - Iskenderun's Mystic   Conj/Tloc      68%        2d14      1%          4
e - Sublimation of Blood  Necr           29%        N/A       1%          2
f - Summon Cactus Giant   Summ           39%        N/A       2%          6
g - Swiftness             Air            29%        N/A       4%          3
h - Hailstorm             Conj/Ice       68%        3d14      1%          3
i - Orb of Destruction    Conj           46%        9d12      1%          7

Your spell library contained the following spells:

 Spells                   Type           Power      Damage    Failure   Level
 Iskenderun's Battlesphe  Conj           92%        2d14      1%          5
 Dazzling Flash           Conj/Hex       100%       N/A       0%          3
 Ensorcelled Hibernation  Hex/Ice        100%       N/A       1%          2
 Passwall                 Tmut/Erth      24%        N/A       1%          2
 Wereblood                Tmut           29%        N/A       1%          2
 Anguish                  Hex/Necr       29%        N/A       1%          4
 Cause Fear               Hex            39%        N/A       1%          4
 Summon Mana Viper        Hex/Summ       79%        N/A       1%          5
 Ozocubu's Armour         Ice            29%        N/A       4%          3
 Teleport Other           Tloc           29%        N/A       4%          3
 Vhi's Electric Charge    Tloc/Air       58%        N/A       4%          3
 Metabolic Englaciation   Hex/Ice        29%        N/A       4%          5
 Summon Forest            Summ/Tloc      29%        N/A       4%          5
 Enfeeble                 Hex            39%        N/A       14%         7
 Summon Hydra             Summ           39%        N/A       14%         7
 Dispersal                Tloc           14%        N/A       90%         6
 Ozocubu's Refrigeration  Ice            14%        4d10      93%         7


Dungeon Overview and Level Annotations

Branches:
Dungeon (9/15)             Temple (1/1) D:7            Lair (5/5) D:9
 Shoals (0/4) Lair:3        Snake (2/4) Lair:3        Slime (0/5) Lair:4
    Orc (2/2) D:9             Elf (1/3) Orc:2

Altars:
Ashenzari
Cheibriados
Dithmenos
Elyvilon
Fedhas
Gozag
Hepliaklqana
Kikubaaqudgha
Makhleb
Nemelex Xobeh
Okawaru
Qazlal
Ru
Sif Muna
Trog
Uskayaw
Vehumet
Wu Jian
Xom
Yredelemnul
Zin
The Shining One

Shops:
D:6 (   D:9 *   Orc:2 [(([*!

Annotations:
Lair:1 2 transporters, Turbonekonecno's ghost, journeyman SpEn
Lair:4 exclusion: downstairs
Snake:1 Aizul


Innate Abilities, Weirdness & Mutations

You are partially covered in iridescent scales. (AC +2)
Your muscles are strong. (Str +4, Int/Dex -1)
You occasionally lose the ability to read scrolls when taking damage.
You expend magic power (3 MP) to strengthen your wands.


Message History

You start resting.
You feel sick. x6
You feel less vulnerable to poison.
You feel sick.
You are no longer poisoned.
You start resting.
HP restored.
You climb upwards.
Level annotation: Aizul Aizul moans, "No job prospects!
Who wants sleepy Aizul to guard their treasure?"
Aizul coils herself and waves her upper body at you.
The bolt of poison hits you!
You are poisoned.
Aizul casts a spell at you. The bolt of poison hits you!!
You are more poisoned.
The mana viper bites you!
You feel threatened and lose the ability to read scrolls!
You feel your power leaking away.
There is a stone staircase leading down, spattered with blood here.
Casting: Fulminant Prism (safe; 1% risk of failure)
Confirm with . or Enter, or press ? or * to list all spells.
You erupt in a blast of force!
The mystic blast hits Aizul.
Aizul is lightly wounded.
Aizul is knocked back by the mystic blast.
The mystic blast hits the mana viper!
The mana viper is moderately wounded.
The mana viper is knocked back by the mystic blast.
The mana viper slams into the rock wall!
The mana viper is heavily wounded.
You feel extremely sick.
You hear an angry hiss.
Unknown command.
You feel better.
You can read scrolls again.
Aizul casts a spell at you.
You fall asleep.
Aizul completely misses you. The mana viper bites you!!!
You feel threatened and lose the ability to read scrolls!
Ouch! That really hurt!
You die...

♣...C)....... #S###
#...# ###.### #...#
###.## ######..## .
#.....S..# #..
#....@S..# #.#
.....).....#########..##
..>.........[...........
..#........#<.......## .
######...#......#.#
#...^......# #
#...#......#
#...#......#
#...#....###


You could see Aizul and a mana viper.

Vanquished Creatures
  Jorgrun (Orc:2)
  Gastronok (Lair:1)
  Donald (Orc:2)
  2 hydras
  4 catoblepae
  3 two-headed ogres
  23 death yaks
  An orc high priest (Orc:2)
  Amaemon (D:9)
  An orc knight (Orc:1)
  4 orc sorcerers (Orc:2)
  A deep elf zephyrmancer (Elf:1)
  A manticore (Lair:5)
  7 black mambas
  12 cane toads
  An orange demon (D:9)
  4 rime drakes
  8 komodo dragons
  3 polar bears
  3 trolls
  A hornet (D:8)
  15 blink frogs
  47 yaks
  2 basilisks
  3 wyverns
  A steam dragon (D:9)
  2 wargs
  4 nagas
  12 water moccasins
  An acid dragon (D:9)
  35 orc warriors
  A nameless horror (Lair:5)
  An ice beast (D:8)
  7 ogres
  2 black bears
  4 wolves (Lair:1)
  A centaur (D:7)
  15 bullfrogs
  A gnoll sergeant (D:8)
  3 scorpions
  8 wights
  A howler monkey (D:4)
  3 electric eels
  2 vampire bats (Lair:5)
  2 hounds
  A jelly (D:5)
  24 orc priests
  Crazy Yiuf (D:3)
  2 iguanas
  23 orc wizards
  6 adders
  16 gnolls
  3 shadow imps
  4 white imps
  An ufetubus (D:5)
  A worm (D:4)
  3 dart slugs
  87 orcs
  4 ball pythons
  13 bats
  6 endoplasms
  A giant cockroach (D:1)
  2 hobgoblins
  2 jackals (D:2)
  8 kobolds
  2 quokkas
  2 frilled lizards
  14 goblins
  2 rats
484 creatures vanquished.

Vanquished Creatures (collateral kills)
  An orc warlord (Orc:2)
  A boulder beetle (Lair:5)
  A skyshark (Lair:4)
  A mana viper (Snake:1)
  A manticore (Lair:5)
  4 black mambas
  4 cane toads
  4 yaks
  2 wyverns
  A basilisk (Lair:4)
  A water moccasin (Lair:3)
21 creatures vanquished.

Vanquished Creatures (others)
  A naga ritualist (Snake:1)
  An orc (D:9)
  335 fulminant prisms
337 creatures vanquished.

Grand Total: 842 creatures vanquished

Notes
Turn   | Place    | Note
-------+----------+-------------------------------------------
     0 | D:1      | AvylaarBelgium the Deep Elf Conjurer began the quest for
                  | the Orb.
     0 | D:1      | Reached XP level 1. HP: 10/10 MP: 6/6
   269 | D:1      | Reached XP level 2. HP: 15/15 MP: 5/8
   953 | D:2      | Found a faded altar of an unknown god.
  1035 | D:2      | Reached skill level 4 in Spellcasting
  1049 | D:2      | Reached skill level 5 in Conjurations
  1049 | D:2      | Reached XP level 3. HP: 19/19 MP: 3/10
  1359 | D:2      | Got the Codex of Moving Glaciation
  1390 | D:2      | Learned a level 2 spell: Searing Ray
  1519 | D:3      | Found a runed translucent door.
  1520 | D:3      | Noticed Crazy Yiuf
  1572 | D:3      | Found a radiant altar of Vehumet.
  1645 | D:3      | Reached XP level 4. HP: 24/24 MP: 6/12
  1722 | D:3      | Reached skill level 5 in Spellcasting
  2235 | D:3      | Reached XP level 5. HP: 28/28 MP: 7/14
  2273 | D:3      | Learned a level 4 spell: Fulminant Prism
  2278 | D:3      | Learned a level 4 spell: Iskenderun's Mystic Blast
  2512 | D:4      | Reached skill level 6 in Spellcasting
  3249 | D:5      | Entered Level 5 of the Dungeon
  3254 | D:5      | Reached XP level 6. HP: 30/32 MP: 12/17
  3398 | D:5      | Reached skill level 7 in Spellcasting
  3398 | D:5      | Reached skill level 1 in Hexes
  3767 | D:5      | Reached XP level 7. HP: 36/36 MP: 14/19
  3899 | D:6      | Gained mutation: You are somewhat resistant to further
                  | mutation. [potion of mutation]
  3900 | D:6      | Lost mutation: You are somewhat resistant to further
                  | mutation. [potion of mutation]
  3900 | D:6      | Gained mutation: Your muscles are strong. (Str +4, Int/Dex
                  | -1) [potion of mutation]
  3900 | D:6      | Gained mutation: You are partially covered in iridescent
                  | scales. (AC +2) [potion of mutation]
  3900 | D:6      | Gained mutation: You occasionally lose the ability to read
                  | scrolls when taking damage. [potion of mutation]
  3900 | D:6      | Gained mutation: You expend magic power (3 MP) to
                  | strengthen your wands. [potion of mutation]
  4066 | D:6      | Reached skill level 8 in Spellcasting
  4127 | D:6      | Found a shimmering altar of Xom.
  4128 | D:6      | Found a hazy altar of Hepliaklqana.
  4128 | D:6      | Noticed a spectral ugly thing
  4129 | D:6      | Noticed a will-o-the-wisp
  4504 | D:6      | Learned a level 2 spell: Sublimation of Blood
  4548 | D:6      | Reached XP level 8. HP: 36/41 MP: 17/22
  4611 | D:6      | Found Amen Geq's Weapon Emporium.
  4728 | D:7      | Reached skill level 5 in Hexes
  4836 | D:7      | Reached skill level 9 in Spellcasting
  5074 | D:7      | Found a staircase to the Ecumenical Temple.
  5079 | Temple   | Entered the Ecumenical Temple
  5535 | D:3      | Became a worshipper of Vehumet
  5591 | D:3      | Killed Crazy Yiuf
  5738 | D:8      | Reached skill level 1 in Ranged Weapons
  5841 | D:8      | Learned a level 3 spell: Swiftness
  6019 | D:8      | Reached XP level 9. HP: 45/45 MP: 16/24
  6110 | D:8      | Reached skill level 10 in Spellcasting
  6204 | D:8      | Reached * piety under Vehumet
  6204 | D:8      | Offered knowledge of Sandblast by Vehumet.
  6206 | D:8      | Noticed a two-headed ogre
  6215 | D:8      | Killed a two-headed ogre
  6233 | D:8      | Reached skill level 5 in Ranged Weapons
  6690 | D:9      | Noticed Amaemon
  6728 | D:9      | Noticed a two-headed ogre
  6735 | D:9      | Noticed an orange demon
  6738 | D:9      | Killed a two-headed ogre
  6739 | D:9      | Reached skill level 11 in Spellcasting
  6739 | D:9      | Reached skill level 10 in Conjurations
  6747 | D:9      | Killed an orange demon
  6748 | D:9      | Reached XP level 10. HP: 50/50 MP: 11/27
  6841 | D:9      | Killed Amaemon
  6844 | D:9      | Noticed a death yak
  6931 | D:9      | Offered knowledge of Poisonous Vapours by Vehumet.
  6958 | D:9      | Reached ** piety under Vehumet
  7045 | D:9      | Noticed a death yak
  7045 | D:9      | Noticed a death yak
  7057 | D:9      | Killed a death yak
  7058 | D:9      | Reached skill level 12 in Spellcasting
  7058 | D:9      | Reached skill level 10 in Hexes
  7059 | D:9      | Noticed a death yak
  7081 | D:9      | Killed a death yak
  7099 | D:9      | Killed a death yak
  7149 | D:9      | Killed a death yak
  7150 | D:9      | Reached skill level 1 in Fighting
  7150 | D:9      | Reached XP level 11. HP: 56/56 MP: 7/29
  7182 | D:9      | Learned a level 6 spell: Summon Cactus Giant
  7203 | D:9      | Noticed a death yak
  7212 | D:9      | Noticed a death yak
  7213 | D:9      | Killed a death yak
  7214 | D:9      | Reached skill level 1 in Summonings
  7225 | D:9      | Killed a death yak
  7226 | D:9      | Reached skill level 13 in Spellcasting
  7226 | D:9      | Noticed a death yak
  7236 | D:9      | Killed a death yak
  7283 | D:9      | Found a staircase to the Lair.
  7317 | D:9      | Found Keugy's Neck Hole.
  7325 | D:9      | Bought a scarf of repulsion for 168 gold pieces
  7419 | D:9      | Found a staircase to the Orcish Mines.
  7556 | Orc:1    | Entered Level 1 of the Orcish Mines
  7556 | Orc:1    | Noticed an orc knight
  7572 | Orc:1    | Killed an orc knight
  7583 | Orc:1    | Offered knowledge of Ignite Poison by Vehumet.
  7587 | Orc:1    | Noticed a two-headed ogre
  7594 | Orc:1    | Killed a two-headed ogre
  7599 | Orc:1    | Reached *** piety under Vehumet
  7877 | Orc:2    | Entered Level 2 of the Orcish Mines
  7877 | Orc:2    | Noticed Donald
  7884 | Orc:2    | Offered knowledge of Hailstorm by Vehumet.
  7887 | Orc:2    | Killed Donald
  7946 | Orc:2    | Noticed Jorgrun
  7953 | Orc:2    | Killed Jorgrun
  7954 | Orc:2    | Reached skill level 14 in Spellcasting
  7954 | Orc:2    | Reached skill level 5 in Summonings
  7974 | Orc:2    | Learned a level 3 spell: Hailstorm
  8003 | Orc:2    | Noticed an orc sorcerer
  8009 | Orc:2    | Killed an orc sorcerer
  8010 | Orc:2    | Reached XP level 12. HP: 66/66 MP: 27/32
  8044 | Orc:2    | Found a bloodstained altar of Trog.
  8123 | Orc:2    | Reached **** piety under Vehumet
  8189 | Orc:2    | Offered knowledge of Sticky Flame by Vehumet.
  8296 | Orc:2    | Found Ewyarch's Distillery.
  8303 | Orc:2    | Bought a potion of heal wounds for 60 gold pieces
  8303 | Orc:2    | Bought a potion of curing for 36 gold pieces
  8303 | Orc:2    | Bought 2 potions of curing for 72 gold pieces
  8303 | Orc:2    | Bought a potion of curing for 36 gold pieces
  8303 | Orc:2    | Bought a potion of attraction for 36 gold pieces
  8420 | Orc:2    | Found Beakhlask's Assorted Antiques.
  8430 | Orc:2    | Bought a pair of distressingly furry gloves for 323 gold
                  | pieces
  8430 | Orc:2    | Identified the +3 pair of gloves "Jebol" {Str+2 Int+5 Dex+3
                  | Stlth+} (You bought it in a shop on level 2 of the Orcish
                  | Mines)
  8550 | Orc:2    | Reached ***** piety under Vehumet
  8550 | Orc:2    | Offered knowledge of Conjure Ball Lightning by Vehumet.
  8556 | Orc:2    | Killed an orc high priest
  8557 | Orc:2    | Reached skill level 5 in Fighting
  8598 | Orc:2    | Noticed an orc warlord
  8653 | Orc:2    | Killed an orc warlord
  8724 | Orc:2    | Found Pono's Antique Weapon Shop.
  8773 | Orc:2    | Found Hentim's Antique Armour Boutique.
  8857 | Orc:2    | Found a staircase to the Elven Halls.
  8987 | Orc:2    | Found Tionigep's Antique Weapon Shop.
  8989 | Orc:2    | Found Qicim's Antique Armour Boutique.
  9133 | Elf:1    | Entered Level 1 of the Elven Halls
  9258 | Lair:1   | Entered Level 1 of the Lair of Beasts
  9258 | Lair:1   | Found a transporter.
  9273 | Lair:1   | Reached skill level 15 in Spellcasting
  9277 | Lair:1   | Found a transporter.
  9282 | Lair:1   | Noticed Gastronok
  9299 | Lair:1   | Killed Gastronok
  9386 | Lair:1   | Noticed Turbonekonecno's ghost (journeyman SpEn)
  9643 | Lair:1   | Reached XP level 13. HP: 72/72 MP: 34/34
  9793 | Lair:1   | Reached skill level 10 in Ranged Weapons
 10729 | Lair:3   | Reached skill level 16 in Spellcasting
 10802 | Lair:3   | Offered knowledge of Orb of Destruction by Vehumet.
 10819 | Lair:3   | Learned a level 7 spell: Orb of Destruction
 10992 | Lair:3   | Found a staircase to the Shoals.
 11002 | Lair:3   | Found a staircase to the Snake Pit.
 11695 | Lair:4   | Found a staircase to the Slime Pits.
 11928 | Lair:4   | Reached XP level 14. HP: 78/78 MP: 36/36
 11996 | Lair:4   | Reached skill level 10 in Summonings
 12421 | Lair:5   | Entered Level 5 of the Lair of Beasts
 12489 | Lair:5   | Reached skill level 17 in Spellcasting
 12702 | Lair:5   | Offered knowledge of Iskenderun's Battlesphere by Vehumet.
 12789 | Lair:5   | Reached skill level 15 in Conjurations
 13943 | Snake:1  | Entered Level 1 of the Snake Pit
 14001 | Snake:1  | Reached skill level 5 in Dodging
 14006 | Snake:1  | Noticed Aizul
 14020 | Snake:2  | HP: 4/82 [poisoned by Aizul (bolt of poison)]
 14266 | Snake:1  | Demolished by a mana viper

Illustrated notes

Levels and vault maps discovered:
D:1:      dpeg_arrival_stone_temple_mockup, layout_loops_cross,
          nicolae_eternal_life, minmay_misc_feat_alley
D:2:      layout_loops_cross, ebering_ecumenical_altar_ruins
D:3:      layout_basic, amcnicky_altar_gilded, uniq_crazy_yiuf_cottage
D:4:      minmay_chambers_of_threes, layout_loops_ring
D:5:      layout_basic, serial_park_tiny_1
D:6:      layout_gridville, regret_index_temple_of_mockery,
          minmay_misc_feat_tower, nicolae_take_the_stairs,
          dreamdust_wishing_well, minmay_ogre_servants
D:7:      layout_loops_cross, temple_doors_ab, hangedman_decor_clover_reticule
D:8:      layout_loops_corners
D:9:      layout_loops_ring, dpeg_lair_monsters, erik_orc_2,
          minmay_misc_feat_roman, nicolae_shop_sticking_my_neck_out,
          uniq_amaemon
Temple:   compressed_dpeg_triangle_lava_temple
Lair:1:   layout_hall_layers, gammafunk_ghost_abyssal_escape, st_stairs_4,
          uniq_gastronok
Lair:2:   layout_misc_corridors, grunt_megastairs_5
Lair:3:   layout_roguey, elwin_shoals_entry_rocks, guppyfry_snake_entry_garden,
          wad_woods_road_03
Lair:4:   layout_long_grid, slime_entry_1, infiniplex_staircase_pool,
          serial_bayou_shore_a
Lair:5:   evilmike_catoblepas_cave, layout_gridlike, roderic_batcave
Snake:1:  layout_rooms, serial_shops, nicolae_shop_just_a_little_nook, shop,
          shop, shop, nicolae_snake_snake_lake, minmay_shop_grove,
          serial_bayou_shore_b, uniq_aizul, uniq_roxanne
Snake:2:  layout_honeycomb, uniq_nikola, uniq_mlioglotl
Orc:1:    layout_caves
Orc:2:    grunt_orc_community_town_hall, layout_caves,
          grunt_orc_community_big_house_2, grunt_orc_community_big_house_1,
          grunt_orc_community_house_1, grunt_orc_community_house_1,
          grunt_orc_community_house_2, grunt_orc_community_house_3,
          grunt_orc_community_house_3, serial_shops,
          nicolae_shop_overgrown_old_shop, nicolae_shop_window_shopping,
          basic_altar, mines2_david, uniq_donald, uniq_jorgrun
Elf:1:    minmay_elf_arrival_plus, layout_loops_corners, serial_shops,
          nicolae_shop_temple_entry_statues_fountains, hangedman_elf_represent,
          drop_trap, amcnicky_mini_rare_corridor_liquid, nicolae_danse_macabre

Skill      XL: |  1  2  3  4  5  6  7  8  9 10 11 12 13 14 |
---------------+-------------------------------------------+-----
Spellcasting   | 4 5 6 7 8 9 11 12 14 15 16 17 | 17.5
Conjurations   | 5 6 7 9 10 11 12 13 14 15 | 15.3
Hexes          | 2 4 7 9 10 | 10.6
Ranged Weapons | 2 6 8 9 12 | 12.2
Fighting       | 1 4 5 7 |  7.1
Summonings     | 5 7 9 10 | 10.7
Dodging        | 5 |  5.1
Stealth        | |  2.4

Action                     |  1- 3 |  4- 6 |  7- 9 | 10-12 | 13-15 || total
---------------------------+-------+-------+-------+-------+-------++-------
  Melee: Hand axe          |       |     4 |     6 |       |       ||    10
   Fire: Longbow           |       |       |    25 |   219 |   235 ||   479
   Cast: Magic Dart        |    70 |    68 |    13 |       |       ||   151
         Searing Ray       |     1 |     9 |     8 |     3 |       ||    21
         Fulminant Prism   |       |     7 |    59 |   154 |   115 ||   335
         Iskenderun's Myst |       |       |     4 |    14 |    42 ||    60
         Swiftness         |       |       |       |     2 |       ||     2
         Summon Cactus Gia |       |       |       |     2 |    23 ||    25
         Hailstorm         |       |       |       |       |     1 ||     1
  Evoke: Wand              |       |       |       |     2 |       ||     2
    Use: Scroll            |       |       |    14 |     1 |     3 ||    18
         Potion            |       |       |     2 |     2 |     1 ||     5
 Armour: Robe              |     1 |     1 |     2 |     2 |     8 ||    14
  Dodge: Dodged            |     6 |     7 |    12 |    25 |    26 ||    76
         Repelled          |       |       |       |     2 |     1 ||     3

Table legend: (Time is in decaauts)
 A = Elapsed time spent in this place.
 B = Non-inter-level travel time spent in this place.
 C = Inter-level travel time spent in this place.
 D = Time resting spent in this place.
 E = Time spent auto-exploring this place.
 F = Levels seen in this place.
 G = Mean time per level.
                   A        B        C        D        E       F      G
               +--------+--------+--------+--------+--------+-----+--------+
         Total |  14223 |  13444 |    779 |   1503 |   8584 |  20 |  711.2 |
       Dungeon |   7296 |   6865 |    431 |    693 |   4871 |   9 |  810.7 |
        Temple |    338 |    338 |      0 |      0 |    314 |   1 |  338.0 |
          Lair |   4662 |   4472 |    190 |    465 |   2612 |   5 |  932.4 |
     Snake Pit |    319 |    319 |      0 |    246 |     12 |   2 |  159.5 |
  Orcish Mines |   1601 |   1445 |    156 |     98 |    775 |   2 |  800.5 |
   Elven Halls |      4 |      4 |      0 |      0 |      0 |   1 |    4.0 |
               +--------+--------+--------+--------+--------+-----+--------+

Top non-repeatable levels by time:
  Lair:5: 1403 daAuts
   Orc:2: 1258 daAuts
     D:3: 1143 daAuts
     D:8: 1033 daAuts
  Lair:4: 945 daAuts
  Lair:3: 933 daAuts
     D:6: 922 daAuts
     D:9: 899 daAuts
     D:4: 883 daAuts
     D:1: 719 daAuts
  Lair:1: 718 daAuts
     D:2: 679 daAuts
  Lair:2: 661 daAuts
     D:5: 604 daAuts
     D:7: 410 daAuts
